3AA
MYRTLE BEACH MERMEN @ GLENDALE HERONS
07/14/2027
 
TOP OF THE 1ST
Myrtle Beach Mermen batting - Pitching for Glendale Herons : RHP Ma Hon Keung
Pitching: RHP Ma Hon Keung
Batting: RHB Sergio Pérez 0-0: Called Strike
0-1: Foul Ball, location: 2F
0-2: Ground out 5-3 (Groundball, 56)
Batting: RHB Maikel Cobblepot 0-0: Ball
1-0: Swinging Strike
1-1: Foul Ball, location: 2F
1-2: Ball
2-2: Foul Ball, location: 2F
2-2: Ground out 6-3 (Groundball, 56D)
Batting: LHB Juan Villanueva 0-0: Ball
1-0: Fly out, F7 (Flyball, 7S)
Top of the 1st over - 0 run(s), 0 hit(s), 0 error(s), 0 left on base; Myrtle Beach 0 - Glendale 0
BOTTOM OF THE 1ST
Glendale Herons batting - Pitching for Myrtle Beach Mermen : RHP José López
Pitching: RHP José López
Batting: RHB James Pike 0-0: Foul Ball, location: 2F
0-1: Foul Ball, location: 2F
0-2: Strikes out swinging
Batting: SHB Raúl Duarte 0-0: Ball
1-0: Ball
2-0: Swinging Strike
2-1: Called Strike
2-2: Foul Ball, location: 2F
2-2: SINGLE (Groundball, 6S) (infield hit)
Batting: RHB Arsenio Laurel 0-0: Called Strike
Raúl Duarte is caught stealing 2nd base
0-1: SINGLE (Flyball, 6MD)
Batting: RHB Christian Turner 0-0: Ball
1-0: Called Strike
1-1: Called Strike
1-2: Foul Ball, location: 2F
1-2: Foul Ball, location: 2F
1-2: Ball
2-2: Foul Ball, location: 2F
2-2: Ball
3-2: Base on Balls
Arsenio Laurel to second
Batting: SHB Jesús Herrera 0-0: Foul Ball, location: 2F
0-1: Called Strike
0-2: Ball
1-2: Fielders Choice at 2nd, 4-6 (Groundball, 4)
Bottom of the 1st over - 0 run(s), 2 hit(s), 0 error(s), 1 left on base; Myrtle Beach 0 - Glendale 0
TOP OF THE 2ND
Myrtle Beach Mermen batting - Pitching for Glendale Herons : RHP Ma Hon Keung
Batting: RHB Maik Palen 0-0: Foul Ball, location: 2F
0-1: Foul Ball, location: 2F
0-2: Ground out 6-3 (Groundball, 6)
Batting: LHB Philip Strickland 0-0: Fly out, F7 (Flyball, 7LS)
Batting: RHB Javier Robles 0-0: Fly out, F8 (Flyball, 8RM)
Top of the 2nd over - 0 run(s), 0 hit(s), 0 error(s), 0 left on base; Myrtle Beach 0 - Glendale 0
BOTTOM OF THE 2ND
Glendale Herons batting - Pitching for Myrtle Beach Mermen : RHP José López
Batting: RHB Takechi Okubo 0-0: Ball
1-0: Fly out, F7 (Flyball, 7)
Batting: SHB Glyn Bolasky 0-0: SINGLE (Groundball, 4D)
Batting: RHB Ramón Hernández 0-0: Called Strike
0-1: Ball
1-1: Ball
2-1: Swinging Strike
2-2: Foul Ball, location: 2F
2-2: Fly out, F9 (Flyball, 9LM)
Batting: RHB Santiago Ramos 0-0: Called Strike
0-1: Ball
1-1: Called Strike
1-2: Ball
2-2: Foul Ball, location: 2F
2-2: Ball
3-2: Fly out, F9 (Flyball, 9LS)
Bottom of the 2nd over - 0 run(s), 1 hit(s), 0 error(s), 1 left on base; Myrtle Beach 0 - Glendale 0
TOP OF THE 3RD
Myrtle Beach Mermen batting - Pitching for Glendale Herons : RHP Ma Hon Keung
Batting: RHB Theodore York 0-0: Ball
1-0: Ground out 5-3 (Groundball, 5)
Batting: RHB Pancho Núñez 0-0: Called Strike
0-1: Fly out, F9 (Flyball, 9)
Batting: SHB David Vázquez 0-0: Called Strike
0-1: Called Strike
0-2: Foul Ball, location: 2F
0-2: Strikes out swinging
Top of the 3rd over - 0 run(s), 0 hit(s), 0 error(s), 0 left on base; Myrtle Beach 0 - Glendale 0
BOTTOM OF THE 3RD
Glendale Herons batting - Pitching for Myrtle Beach Mermen : RHP José López
Batting: RHB James Pike 0-0: Called Strike
0-1: Foul Ball, location: 2F
0-2: Ball
1-2: Ball
2-2: SINGLE (Groundball, 6D)
Batting: SHB Raúl Duarte 0-0: Foul Ball, location: 2F
0-1: Ball
1-1: Foul Ball, location: 2F
1-2: Ball
2-2: Fly out, F7 (Flyball, 7LM)
Batting: RHB Arsenio Laurel 0-0: Called Strike
0-1: Grounds into double play, 6-4-3 (Groundball, 6)
Bottom of the 3rd over - 0 run(s), 1 hit(s), 0 error(s), 0 left on base; Myrtle Beach 0 - Glendale 0
TOP OF THE 4TH
Myrtle Beach Mermen batting - Pitching for Glendale Herons : RHP Ma Hon Keung
Batting: RHB Sergio Pérez 0-0: Called Strike
0-1: Swinging Strike
0-2: Foul Ball, location: 2F
0-2: Ball
1-2: Ground out 6-3 (Groundball, 6)
Batting: RHB Maikel Cobblepot 0-0: Called Strike
0-1: Swinging Strike
0-2: Ball
1-2: Ball
2-2: SINGLE (Groundball, 56D)
Batting: LHB Juan Villanueva 0-0: Ball
Throwing error on steal attempt, E2
Maikel Cobblepot to third
1-0: SINGLE (Line Drive, 8RS)
Maikel Cobblepot scores
Batting: RHB Maik Palen 0-0: Ball
1-0: Ball
Wild Pitch!
Juan Villanueva to second
2-0: Called Strike
2-1: Ground out 4-3 (Groundball, 4)
Juan Villanueva to third
Batting: LHB Philip Strickland 0-0: Fly out, F8 (Line Drive, 8RXD)
Top of the 4th over - 1 run(s), 2 hit(s), 1 error(s), 1 left on base; Myrtle Beach 1 - Glendale 0
BOTTOM OF THE 4TH
Glendale Herons batting - Pitching for Myrtle Beach Mermen : RHP José López
Batting: RHB Christian Turner 0-0: Called Strike
0-1: Ball
1-1: Ball
2-1: Ground out 5-3 (Groundball, 56)
Batting: SHB Jesús Herrera 0-0: Ball
1-0: Foul Ball, location: 2F
1-1: Ball
2-1: Swinging Strike
2-2: Fly out, F8 (Flyball, 8LS)
Batting: RHB Takechi Okubo 0-0: Called Strike
0-1: Foul Ball, location: 2F
0-2: Fly out, F8 (Flyball, 89M)
Bottom of the 4th over - 0 run(s), 0 hit(s), 0 error(s), 0 left on base; Myrtle Beach 1 - Glendale 0
TOP OF THE 5TH
Myrtle Beach Mermen batting - Pitching for Glendale Herons : RHP Ma Hon Keung
Batting: RHB Javier Robles 0-0: Foul Ball, location: 2F
0-1: Foul Ball, location: 2F
0-2: Foul Ball, location: 2F
0-2: Foul Ball, location: 2F
0-2: Foul Ball, location: 2F
0-2: Ball
1-2: Foul Ball, location: 2F
1-2: Ball
2-2: Ground out 4-3 (Groundball, 4)
Batting: RHB Theodore York 0-0: Called Strike
0-1: Ball
1-1: Foul Ball, location: 2F
1-2: Ball
2-2: SOLO HOME RUN (Flyball, 78XD), Distance : 386 ft
Batting: RHB Pancho Núñez 0-0: Called Strike
0-1: Ball
1-1: Ground out 6-3 (Groundball, 56)
Batting: SHB David Vázquez 0-0: Called Strike
0-1: Ball
1-1: Ball
2-1: Ball
3-1: Ground out U3 (Groundball, 34S)
Top of the 5th over - 1 run(s), 1 hit(s), 0 error(s), 0 left on base; Myrtle Beach 2 - Glendale 0
BOTTOM OF THE 5TH
Glendale Herons batting - Pitching for Myrtle Beach Mermen : RHP José López
Batting: SHB Glyn Bolasky 0-0: Ball
1-0: Bunt for hit - play at first, batter safe!
Batting: RHB Ramón Hernández 0-0: Ball
1-0: Bunted foul
1-1: Ball
2-1: Sac Bunt - play at first, batter OUT! 1-4
Glyn Bolasky to second
Batting: RHB Santiago Ramos 0-0: Ball
1-0: Ball
2-0: Called Strike
2-1: Ball
3-1: Base on Balls
Batting: RHB James Pike 0-0: Called Strike
0-1: Ball
1-1: Called Strike
1-2: Strikes out swinging
Batting: SHB Raúl Duarte 0-0: Ball
1-0: Ground out 1-3 (Groundball, 15S)
Bottom of the 5th over - 0 run(s), 1 hit(s), 0 error(s), 2 left on base; Myrtle Beach 2 - Glendale 0
TOP OF THE 6TH
Myrtle Beach Mermen batting - Pitching for Glendale Herons : RHP Ma Hon Keung
Batting: RHB Sergio Pérez 0-0: Fly out, F8 (Flyball, 8LS)
Batting: RHB Maikel Cobblepot 0-0: Ball
1-0: Ground out 6-3 (Groundball, 6M)
Batting: LHB Juan Villanueva 0-0: Called Strike
0-1: Ball
1-1: Ball
2-1: Foul Ball, location: 2F
2-2: Foul Ball, location: 2F
2-2: TRIPLE (Line Drive, 89M)
Batting: RHB Maik Palen 0-0: Ball
1-0: Ball
2-0: Fly out, F7 (Line Drive, 7)
Top of the 6th over - 0 run(s), 1 hit(s), 0 error(s), 1 left on base; Myrtle Beach 2 - Glendale 0
BOTTOM OF THE 6TH
Glendale Herons batting - Pitching for Myrtle Beach Mermen : RHP José López
Batting: RHB Arsenio Laurel 0-0: Called Strike
0-1: SINGLE (Flyball, 7S)
Batting: RHB Christian Turner 0-0: Called Strike
0-1: Ball
1-1: Ball
2-1: Ball
3-1: Fly out, F9 (Flyball, 9S)
Batting: SHB Jesús Herrera 0-0: Called Strike
Arsenio Laurel steals 2nd base
0-1: Called Strike
0-2: Ball
1-2: Ball
2-2: SINGLE (Groundball, 6MD)
Arsenio Laurel to third
Batting: RHB Takechi Okubo 0-0: Ball
Jesús Herrera is caught stealing 2nd base
1-0: Ball
2-0: Ball
3-0: Base on Balls
Batting: SHB Glyn Bolasky 0-0: Ball
1-0: SINGLE (Groundball, 34D)
Arsenio Laurel scores
Takechi Okubo to second
Runner from 2nd tries for 3rd, SAFE, no throw
Batting: RHB Ramón Hernández 0-0: Ball
1-0: Swinging Strike
1-1: Ball
2-1: Foul Ball, location: 2F
2-2: Ball
3-2: Foul Ball, location: 2F
3-2: Base on Balls
Glyn Bolasky to second
Batting: RHB Santiago Ramos 0-0: Ground out 5-3 (Groundball, 56S)
Bottom of the 6th over - 1 run(s), 3 hit(s), 0 error(s), 3 left on base; Myrtle Beach 2 - Glendale 1
TOP OF THE 7TH
Myrtle Beach Mermen batting - Pitching for Glendale Herons : RHP Ma Hon Keung
Batting: LHB Philip Strickland 0-0: Ball
1-0: Ball
2-0: Ball
3-0: Called Strike
3-1: SOLO HOME RUN (Flyball, 89XD), Distance : 411 ft
Batting: RHB Javier Robles 0-0: Swinging Strike
0-1: Swinging Strike
0-2: Ground out 5-3 (Groundball, 56S)
Batting: RHB Theodore York 0-0: Ball
1-0: Ball
2-0: Ball
3-0: Called Strike
3-1: Base on Balls
Batting: RHB Pancho Núñez 0-0: Grounds into double play, 6-4-3 (Groundball, 6)
Top of the 7th over - 1 run(s), 1 hit(s), 0 error(s), 0 left on base; Myrtle Beach 3 - Glendale 1
BOTTOM OF THE 7TH
Glendale Herons batting - Pitching for Myrtle Beach Mermen : RHP José López
Batting: RHB James Pike 0-0: Ball
1-0: Ball
2-0: Called Strike
2-1: Foul Ball, location: 2F
2-2: Ball
3-2: Strikes out swinging
Batting: SHB Raúl Duarte 0-0: Ball
1-0: Called Strike
1-1: Called Strike
1-2: Foul Ball, location: 2F
1-2: Foul Ball, location: 2F
1-2: Strikes out swinging
Batting: RHB Arsenio Laurel 0-0: Ball
1-0: Called Strike
1-1: Foul Ball, location: 2F
1-2: DOUBLE (Line Drive, 78D)
Pitching: LHP Luis Vega
Batting: RHB Christian Turner 0-0: Fly out, F8 (Flyball, 8LM)
Bottom of the 7th over - 0 run(s), 1 hit(s), 0 error(s), 1 left on base; Myrtle Beach 3 - Glendale 1
TOP OF THE 8TH
Myrtle Beach Mermen batting - Pitching for Glendale Herons : RHP Ma Hon Keung
Batting: SHB David Vázquez 0-0: Ball
1-0: Ground out 4-3 (Groundball, 4)
Batting: RHB Sergio Pérez 0-0: Called Strike
0-1: Ground out 1-3 (Groundball, 13S)
Batting: RHB Maikel Cobblepot 0-0: Ball
1-0: SINGLE (Groundball, 2L) (infield hit)
Batting: LHB Juan Villanueva 0-0: Ball
Wild Pitch!
Maikel Cobblepot to second
1-0: Intentional Walk
Batting: RHB Maik Palen 0-0: SINGLE (Groundball, 4MD)
Maikel Cobblepot to third
Juan Villanueva to second
Throwing error, E8
Maikel Cobblepot scores
Juan Villanueva to third
Maik Palen to second
Batting: LHB Philip Strickland 0-0: Intentional Walk
Pinch Hitting: LHB Ferris Minor 0-0: Foul Ball, location: 2F
0-1: Fielders Choice at 2nd, 4-6 (Groundball, 4)
Top of the 8th over - 1 run(s), 2 hit(s), 1 error(s), 2 left on base; Myrtle Beach 4 - Glendale 1
BOTTOM OF THE 8TH
Glendale Herons batting - Pitching for Myrtle Beach Mermen : LHP Luis Vega
Now at 2B: Sancho Romero
Batting: SHB Jesús Herrera 0-0: Called Strike
0-1: Called Strike
0-2: Strikes out looking
Batting: RHB Takechi Okubo 0-0: Ball
1-0: Ground out 6-3 (Groundball, 56)
Batting: SHB Glyn Bolasky 0-0: Ball
1-0: Ball
2-0: Ball
3-0: Base on Balls
Pitching: RHP David Gómez
Batting: RHB Ramón Hernández 0-0: Ball
1-0: Ball
2-0: Called Strike
2-1: Foul Ball, location: 2F
2-2: Strikes out swinging
Bottom of the 8th over - 0 run(s), 0 hit(s), 0 error(s), 1 left on base; Myrtle Beach 4 - Glendale 1
TOP OF THE 9TH
Myrtle Beach Mermen batting - Pitching for Glendale Herons : RHP Ma Hon Keung
Batting: RHB Theodore York 0-0: Fly out, F9 (Flyball, 9LM)
Batting: RHB Pancho Núñez 0-0: Ball
1-0: Ball
2-0: Ball
3-0: Called Strike
3-1: Foul Ball, location: 2F
3-2: Foul Ball, location: 2F
3-2: Fly out, F4 (Popup, 4D)
Batting: SHB David Vázquez 0-0: Ground out 3-1 (Groundball, 34S)
Top of the 9th over - 0 run(s), 0 hit(s), 0 error(s), 0 left on base; Myrtle Beach 4 - Glendale 1
BOTTOM OF THE 9TH
Glendale Herons batting - Pitching for Myrtle Beach Mermen : RHP David Gómez
Pitching: LHP Esteban Jiménez
Batting: RHB Santiago Ramos 0-0: Called Strike
0-1: Ball
1-1: Foul Ball, location: 2F
1-2: Strikes out swinging
Batting: RHB James Pike 0-0: Called Strike
0-1: Swinging Strike
0-2: Strikes out looking
Batting: SHB Raúl Duarte 0-0: Called Strike
0-1: Foul Ball, location: 2F
0-2: Ball
1-2: Ball
2-2: Foul Ball, location: 2F
2-2: Foul Ball, location: 2F
2-2: Ball
3-2: Foul Ball, location: 2F
3-2: Fly out, F9 (Flyball, 9S)
Bottom of the 9th over - 0 run(s), 0 hit(s), 0 error(s), 0 left on base; Myrtle Beach 4 - Glendale 1
Saturday, May 26th, 2018 - OOTP Baseball 17.12 Build 75